 Dungeon Crawl Stone Soup version 0.29-a0-322-g68df515428 (webtiles) character file.

Game seed: 1473155634800767373

50190 spaghetti the Tortoise (level 14, -2/181 HPs)
             Began as a Demonspawn Berserker on Apr 9, 2022.
             Was an Elder of Trog.
             Slain by a red ugly thing (12 damage)
             ... on level 15 of the Dungeon.
             The game lasted 00:42:04 (28869 turns).

spaghetti the Tortoise (Demonspawn Berserker)      Turns: 28869, Time: 00:42:05

Health: -2/181     AC:  7    Str: 25      XL:     14   Next: 18%
Magic:  0/14       EV: 18    Int: 12 (13) God:    Trog [****..]
Gold:   922        SH:  0    Dex: 16      Spells: 13/13 levels left

rFire   + + .      SeeInvis .   n - +4 quarterstaff (chaos) {staff}
rCold   . . .      Faith    .   (shield currently unavailable)
rNeg    . . .      Spirit   +   B - +1 leather armour {rF+}
rPois   .          Reflect  .   E - +1 helmet
rElec   .          Harm     .   p - +0 cloak
rCorr   .          Rampage  .   F - +2 pair of gloves {hurl}
Will    +....                   V - +0 pair of boots
Stlth   ..........              (no amulet)
HPRegen 0.40/turn               g - ring of protection from fire
MPRegen 0.28/turn               S - +6 ring of strength

@: berserking, corroded, very quick
A: ignite blood 2, magic shield, magic regeneration, magic link, big brain 2,
weakness stinger 2, deterioration 1, robust 1
a: Renounce Religion, Berserk, Trog's Hand, Brothers in Arms


You were on level 15 of the Dungeon.
You worshipped Trog.
Trog was greatly pleased with you.
You visited 1 branch of the dungeon, and saw 15 of its levels.

You collected 922 gold pieces.


Innate Abilities, Weirdness & Mutations

Your demonic aura often causes spilled blood to erupt in flames.
When hurt, damage is shared between your health and your magic reserves.
You regenerate magic rapidly.
When low on magic, you restore magic in place of health.
You have an extremely huge brain. (Int +4)
You have a tail ending in a sharp stinger.
Your body sometimes deteriorates upon taking damage.
You are robust. (+10% HP)


   Skills:
 - Level 10.0 Fighting
 - Level 3.8 Axes
 - Level 5.0 Throwing
 + Level 15.5 Armour
 - Level 11.8 Dodging
 - Level 12.0 Evocations


You had 13 spell levels left.
You didn't know any spells.
Your spell library contained the following spells:

 Spells                   Type           Power      Damage    Failure   Level
 Shock                    Conj/Air       0%         1d3       34%         1
 Sting                    Tmut/Pois      0%         1d3       34%         1
 Corpse Rot               Necr/Air       0%         N/A       47%         2
 Poisonous Vapours        Pois/Air       0%         N/A       47%         2
 Conjure Flame            Conj/Fire      0%         6-21      71%         3
 Ignite Poison            Fire/Tmut/Pois 0%         N/A       71%         3
 Stone Arrow              Conj/Erth      0%         3d7       71%         3
 Swiftness                Air            0%         N/A       71%         3
 Tukima's Dance           Hex            0%         N/A       71%         3
 Airstrike                Air            0%         N/A       98%         4
 Animate Armour           Summ/Erth      0%         N/A       98%         4
 Animate Dead             Necr           0%         N/A       98%         4
 Dispel Undead            Necr           0%         3d6       98%         4
 Olgreb's Toxic Radiance  Pois           0%         N/A       98%         4
 Passage of Golubria      Tloc           0%         N/A       98%         4
 Sticky Flame             Conj/Fire      0%         2d3       98%         4
 Freezing Cloud           Conj/Ice/Air   0%         6-21      100%        5
 Silence                  Hex/Air        0%         N/A       100%        5
 Yara's Violent Unravell  Hex/Tmut       0%         3d3       100%        5
 Death Channel            Necr           0%         N/A       100%        6
 Simulacrum               Ice/Necr       0%         N/A       100%        6
 Haunt                    Necr/Summ      0%         N/A       100%        7
 Infestation              Necr           0%         N/A       100%        8
 Lehudib's Crystal Spear  Conj/Erth      0%         10d2      100%        8
 Chain Lightning          Conj/Air       0%         N/A       100%        9
 Fire Storm               Conj/Fire      0%         5d1       100%        9
 Polar Vortex             Ice            0%         N/A       100%        9
 Shatter                  Erth           0%         3d5*      100%        9

Inventory:

Hand Weapons
 h - the +2 long sword "Peustrep" {flame, rC+ Dex+4, long}
   (You found it on level 8 of the Dungeon)

   It burns those it strikes, dealing additional fire damage.
   Big, fiery blades are also staple armaments of hydra-hunters.
   Dex:       It affects your dexterity (+4).
   rC:        It protects you from cold.
 n - a +4 quarterstaff of chaos (weapon) {staff}
   (You took it off Crazy Yiuf on level 2 of the Dungeon)
 J - a +9 great sword {long}
   (You took it off a wight on level 5 of the Dungeon)
Missiles
 c - 316 stones (quivered) {throwing}
 j - 15 poisoned darts {throwing}
 D - 10 boomerangs {throwing}
 L - 2 curare-tipped darts {=fthrowing}
Armour
 p - a +0 cloak (worn)
   (You took it off Crazy Yiuf on level 2 of the Dungeon)
 B - a +1 leather armour of fire resistance (worn)
   (You took it off an orc on level 6 of the Dungeon)
 E - a +1 helmet (worn)
   (You found it on level 5 of the Dungeon)
 F - a +2 pair of gloves of hurling (worn)
   (You found it on level 4 of the Dungeon)
 V - a +0 pair of boots (worn)
   (You found it on level 12 of the Dungeon)
Jewellery
 a - a ring of wizardry
   (You found it on level 7 of the Dungeon)
 e - a ring of positive energy
   (You found it on level 1 of the Dungeon)
 g - a ring of protection from fire (left hand)
   (You found it on level 1 of the Dungeon)
 t - a ring of poison resistance
   (You found it on level 6 of the Dungeon)
 x - a ring of resist corrosion
   (You found it on level 3 of the Dungeon)
 z - a +6 ring of intelligence
   (You found it on level 3 of the Dungeon)
 H - a ring of positive energy
   (You found it on level 5 of the Dungeon)
 N - a ring of flight
   (You found it on level 8 of the Dungeon)
 R - an amulet of the acrobat
   (You found it on level 15 of the Dungeon)
 S - a +6 ring of strength (right hand)
   (You found it on level 13 of the Dungeon)
Wands
 q - a wand of flame (39)
   (You found it on level 8 of the Dungeon)
 y - a wand of polymorph (9)
   (You found it on level 3 of the Dungeon)
 M - a wand of acid (3)
   (You found it on level 8 of the Dungeon)
 Q - a wand of iceblast (2)
   (You took it off an orc on level 9 of the Dungeon)
Scrolls
 d - 3 scrolls of holy word {!r}
 f - 5 scrolls of magic mapping {!r}
 l - a scroll of teleportation {@r4}
 m - 3 scrolls of immolation {!r!r}
 r - 3 scrolls of identify {@r1}
 C - a scroll of silence {!r}
 G - 3 scrolls of vulnerability {!r!r}
 U - a scroll of fear
 W - a scroll of acquirement
 X - a scroll of fog
 Y - 2 scrolls of enchant armour
 Z - a scroll of enchant weapon
Potions
 b - a potion of ambrosia
 i - 3 potions of resistance
 k - a potion of magic
 o - 4 potions of attraction {!q}
 s - 2 potions of lignification {!q}
 u - a potion of heal wounds {@q2}
 v - a potion of haste {@q3}
 w - a potion of flight
 A - 5 potions of curing {@q1}
 I - 2 potions of brilliance
 K - 2 potions of cancellation
 O - 3 potions of mutation {!q}
 P - 2 potions of might
 T - 2 potions of degeneration {!q@e2}

Dungeon Overview and Level Annotations

Branches:
Dungeon (15/15)            Temple (0/1) D:4            Lair (0/6) D:8
    Orc (0/2) D:11         Vaults (0/5) D:13         Depths (0/4) D:15

Altars:
Cheibriados
Elyvilon
Fedhas
Gozag
Makhleb
Sif Muna
Xom
Yredelemnul
The Shining One

Shops:
D:11 [

Annotations:
D:7 1 runed translucent door, exclusion: 6 doors, sammy202020's ghost, novice MyFi
D:12 exclusion: 2 doors

#....# ..........# #....#
..........# #....#
..u.......# #....#
.........(....# #....#..
....:...(...<..#
#....#...........(......#
#....# ..... ..........#
#....####.#######u......#
#...............@Ā°......#
................uā€
......#
........................#
........................#
........................
########################


You could see 2 ugly things.


Message History

šŸ˜® HP[-26] MP[-2]
You take 26 damage, and now have 78/121 hp.
MASSIVE DAMAGE!! (PAUSE)
You lost 2 mp, and now have 12/14 mp.
A red film seems to cover your vision as you go berserk!
You feel yourself moving faster!
You feel mighty! The red ugly thing punches you.
You are engulfed in flames!
You resist.
The brown ugly thing tentacle-slaps you.
You are splashed with acid!
Something engulfs you but does no damage.
The red ugly thing claws you but does no damage. šŸ˜® HP[+19] MP[-3]
You now have 181 max hp (+60).
You regained 19 hp, and now have 97/181 hp.
You lost 3 mp, and now have 9/14 mp.
You thump the red ugly thing! You freeze the red ugly thing.
You tail-slap the red ugly thing.
The red ugly thing completely misses you.
The red ugly thing is engulfed in blazing flames.
The red ugly thing barely misses you.
You closely miss the brown ugly thing. The red ugly thing barely misses you.
Something engulfs you!
* * * LOW HITPOINT WARNING * * *
You are splashed with acid!
* * * LOW HITPOINT WARNING * * *
The red ugly thing is engulfed in blazing flames.
The red ugly thing closely misses you. šŸ˜Ø HP[-19] MP[-1]
You take 19 damage, and now have 78/181 hp.
You lost 1 mp, and now have 8/14 mp.
Unknown command.
You closely miss the brown ugly thing. You tail-slap the brown ugly thing!
The brown ugly thing tentacle-slaps you!
* * * LOW HITPOINT WARNING * * *
The acid corrodes you!
You are splashed with acid!
* * * LOW HITPOINT WARNING * * *
The red ugly thing barely misses you. Trog accepts your kill.
Reactivating autopickup.
You feel a bit more experienced.
The red ugly thing is engulfed in blazing flames.
The red ugly thing claws you!
* * * LOW HITPOINT WARNING * * *
You are engulfed in flames.
You resist.
* * * LOW HITPOINT WARNING * * *
šŸ˜Ø HP[-32] MP[-3]
You take 32 damage, and now have 46/181 hp.
You lost 3 mp, and now have 5/14 mp.
Unknown command.
You sock the brown ugly thing!
The brown ugly thing is poisoned.
You tail-slap the brown ugly thing!
The brown ugly thing is engulfed in blazing flames.
The brown ugly thing tentacle-slaps you.
* * * LOW HITPOINT WARNING * * *
You are splashed with acid!
* * * LOW HITPOINT WARNING * * *
The red ugly thing misses you.
The red ugly thing is engulfed in blazing flames.
The red ugly thing claws you but does no damage.
The red ugly thing is engulfed in blazing flames.
The red ugly thing punches you!
* * * LOW HITPOINT WARNING * * *
You are engulfed in flames.
You resist.
* * * LOW HITPOINT WARNING * * *
šŸ˜± HP[-22] MP[-2]
You take 22 damage, and now have 24/181 hp.
You lost 2 mp, and now have 3/14 mp.
Unknown command.
You closely miss the brown ugly thing.
The brown ugly thing is engulfed in blazing flames.
The brown ugly thing completely misses you.
The red ugly thing basks in the mutagenic energy from its kin and changes!
The red ugly thing is engulfed in blazing flames.
You kill the red ugly thing!
Trog accepts your kill. šŸ˜± MP[+1]
You barely miss the red ugly thing.
Your tail-slap misses the red ugly thing.
The red ugly thing is engulfed in blazing flames.
The red ugly thing misses you.
The brown ugly thing is engulfed in blazing flames.
The brown ugly thing barely misses you.
You sock the red ugly thing! You burn the red ugly thing.
You feel the power of Trog in you as your rage grows.
You kill the brown ugly thing!
Trog accepts your kill.
The red ugly thing is engulfed in blazing flames.
The red ugly thing closely misses you. šŸ˜± MP[+1] Unknown command.
You sock the red ugly thing! You burn the red ugly thing.
The brown ugly thing claws you but does no damage.
The red ugly thing barely misses you. šŸ˜± MP[+1]
You closely miss the red ugly thing. The brown ugly thing claws you!
* * * LOW HITPOINT WARNING * * *
You are splashed with acid!
* * * LOW HITPOINT WARNING * * *
The red ugly thing punches you!
You die...

Skill      XL: |  1  2  3  4  5  6  7  8  9 10 11 12 13 14 |
---------------+-------------------------------------------+-----
Axes           | 3 |  3.8
Armour         | 2 3 4 5 7 9 10 11 14 15 | 15.5
Evocations     | 2 3 6 8 10 11 12 | 12.0
Throwing       | 2 4 5 |  5.0
Dodging        | 2 7 11 | 11.8
Fighting       | 5 10 | 10.0

Action                   |  1- 3 |  4- 6 |  7- 9 | 10-12 | 13-15 || total
-------------------------+-------+-------+-------+-------+-------++-------
Melee: Hand axe          |   107 |       |       |       |       ||   107
       Quarterstaff      |       |   114 |   201 |   554 |   328 ||  1197
       Tailslap          |       |       |    27 |   106 |    63 ||   196
Throw: Stone             |   113 |   132 |   192 |   383 |   129 ||   949
Invok: Berserk           |     1 |     5 |     7 |    32 |    20 ||    65
       Trog's Hand       |       |       |     1 |     1 |     1 ||     3
       Brothers in Arms  |       |       |       |       |     1 ||     1
Evoke: Wand              |       |       |       |     4 |       ||     4
  Use: Scroll            |       |       |    22 |    11 |     4 ||    37
       Potion            |       |       |     3 |     4 |     2 ||     9
 Stab: Paralysed         |       |       |     1 |       |     3 ||     4
       Confused          |       |       |       |     2 |     1 ||     3
       Petrified         |       |       |       |       |     3 ||     3
       Petrifying        |       |       |       |       |     1 ||     1
Armor: Animal skin       |    27 |    18 |    16 |       |       ||    61
       Leather armour    |       |       |    85 |   345 |   174 ||   604
Dodge: Dodged            |    59 |    78 |   117 |   635 |   397 ||  1286

Levels and vault maps discovered:
D:1:      wander_arrival_abandoned_jail, layout_loops_ring,
          basic_ecumenical_altar
D:2:      layout_basic, uniq_crazy_yiuf_cottage
D:3:      layout_basic, mainiacjoe_overflow_chevrons,
          nicolae_gozag_conspicuous_consumption, serial_glass, glass_columns_c,
          glass_columns_b, glass_columns_b, glass_columns_c, glass_columns_a,
          glass_columns_b, nicolae_elevator_lobby_asterisk
D:4:      layout_loops_cross, minmay_temple_entry_tees, gup_sewer_entry_bowl
D:5:      layout_basic, minmay_crystal_water
D:6:      layout_rooms, jmf_multi_god_temple, uniq_edmund
D:7:      layout_cave_pools, ebering_ghost_xom, enter_bailey_6,
          kennysheep_cluttered_room, minmay_bent
D:8:      layout_loops_corners, minmay_lair_entry_grove
D:9:      layout_stronghold
D:10:     layout_rooms, grunt_temple_overflow_open
D:11:     layout_irregular_city, zombieorc2_lemuel, minmay_shop_chei,
          lemuel_blue_sif_altar
D:12:     layout_stronghold, portal_ice_cave_entry_pillars_2, nooodl_orcs_dogs
D:13:     layout_basic, david_vaults_4
D:14:     layout_layer_cave, cheibriados_altar_1, minivault_28
D:15:     gammafunk_enter_depths_forms, layout_grid_maze, dk_noncrumbling_3,
          uniq_rupert

Notes
Turn   | Place    | Note
-------+----------+-------------------------------------------
     0 | D:1      | spaghetti the Demonspawn Berserker began the quest for the
                  | Orb.
     0 | D:1      | Reached XP level 1. HP: 18/18 MP: 1/1
     0 | D:1      | magus.rc [v1.9.6]
   174 | D:1      | Reached skill level 3 in Axes
   347 | D:1      | Reached skill level 2 in Armour
   386 | D:1      | Gained mutation: Your demonic aura sometimes causes spilled
                  | blood to erupt in flames. [demonic ancestry]
   386 | D:1      | Reached XP level 2. HP: 24/24 MP: 2/2
   562 | D:1      | Found a faded altar of an unknown god.
   793 | D:1      | Reached ** piety under Trog
   872 | D:1      | You pick up a book of Annihilations {forbidden} and begin
                  | reading...
   872 | D:1      | You add the spells Chain Lightning, Fire Storm and Shatter
                  | to your library.
  1091 | D:1      | Gained mutation: You regenerate magic rapidly. [demonic
                  | ancestry]
  1091 | D:1      | Reached XP level 3. HP: 29/29 MP: 3/3
  1746 | D:2      | Found a runed translucent door.
  1747 | D:2      | Noticed Crazy Yiuf
  1960 | D:2      | You pick up a book of Air {forbidden} and begin reading...
  1960 | D:2      | You add the spells Shock, Swiftness and Airstrike to your
                  | library.
  2097 | D:2      | HP: 9/43 [Crazy Yiuf/+4 quarterstaff of chaos (14)]
  2098 | D:2      | Killed Crazy Yiuf
  2099 | D:2      | Reached skill level 3 in Armour
  2099 | D:2      | Reached XP level 4. HP: 11/35 MP: 4/4
  2848 | D:3      | You pick up a book of Decay {forbidden} and begin
                  | reading...
  2848 | D:3      | You add the spells Corpse Rot, Dispel Undead and Death
                  | Channel to your library.
  2889 | D:3      | Found an opulent altar of Gozag.
  2890 | D:3      | Found an opulent altar of Gozag.
  2890 | D:3      | Found an opulent altar of Gozag.
  2920 | D:3      | Found an opulent altar of Gozag.
  3536 | D:3      | Reached *** piety under Trog
  4015 | D:4      | Reached skill level 4 in Armour
  4015 | D:4      | Gained mutation: When hurt, damage is shared between your
                  | health and your magic reserves. [demonic ancestry]
  4015 | D:4      | Reached XP level 5. HP: 26/41 MP: 5/5
  4185 | D:4      | Reached skill level 1 in Evocations
  4362 | D:4      | Found a staircase to the Ecumenical Temple.
  4441 | D:4      | Reached skill level 2 in Evocations
  4441 | D:4      | Gained mutation: Your demonic aura often causes spilled
                  | blood to erupt in flames. [demonic ancestry]
  4441 | D:4      | Reached XP level 6. HP: 39/47 MP: 6/6
  4661 | D:4      | Reached skill level 1 in Throwing
  4994 | D:5      | Entered Level 5 of the Dungeon
  5469 | D:5      | Reached skill level 2 in Throwing
  5473 | D:5      | Gained mutation: You have a small tail. [demonic ancestry]
  5473 | D:5      | Reached XP level 7. HP: 52/52 MP: 4/7
  5493 | D:5      | Gained mutation: Your body sometimes deteriorates upon
                  | taking damage. [potion of mutation]
  5493 | D:5      | Gained mutation: You are robust. (+10% HP) [potion of
                  | mutation]
  5496 | D:5      | HP: 13/53 [wight/+2 mace (2)]
  5749 | D:5      | Reached skill level 5 in Armour
  5927 | D:5      | Reached skill level 3 in Evocations
  5928 | D:5      | Reached skill level 3 in Throwing
  6218 | D:5      | You pick up a book of Death {forbidden} and begin
                  | reading...
  6218 | D:5      | You add the spells Animate Dead, Haunt and Infestation to
                  | your library.
  6590 | D:6      | Found a basalt altar of Yredelemnul.
  6590 | D:6      | Found a burning altar of Makhleb.
  6677 | D:6      | Reached skill level 4 in Throwing
  6842 | D:6      | Gained mutation: You have a tail ending in a sharp stinger.
                  | [demonic ancestry]
  6842 | D:6      | Reached XP level 8. HP: 60/63 MP: 6/8
  6916 | D:6      | Reached skill level 4 in Evocations
  7216 | D:6      | Reached skill level 5 in Throwing
  7218 | D:6      | Reached skill level 6 in Armour
  7299 | D:6      | Noticed Edmund
  7308 | D:6      | Killed Edmund
  7532 | D:6      | Identified the +1 hand axe of Wondrous Power {antimagic,
                  | rC+ rN+}
  7607 | D:7      | Reached skill level 5 in Evocations
  7633 | D:7      | Reached **** piety under Trog
  7761 | D:7      | Found a runed translucent door.
  7761 | D:7      | Found a shimmering altar of Xom.
  7761 | D:7      | Noticed sammy202020's ghost (novice MyFi)
  7762 | D:7      | Noticed a +0 hand axe of chaos
  7782 | D:7      | Found a flagged portal.
  8057 | D:7      | Reached skill level 7 in Armour
  8057 | D:7      | Reached skill level 6 in Evocations
  8121 | D:7      | Gained mutation: You have an unusually large brain. (Int
                  | +2) [demonic ancestry]
  8121 | D:7      | Reached XP level 9. HP: 52/69 MP: 4/9
  9458 | D:8      | Reached skill level 7 in Evocations
  9465 | D:8      | Reached skill level 8 in Armour
  9509 | D:8      | HP: 24/103 [basilisk (3)]
  9513 | D:8      | Reached skill level 8 in Evocations
  9899 | D:8      | Found a staircase to the Lair.
 10030 | D:8      | Identified a scroll of acquirement
 10032 | D:8      | Acquired a manual of Dodging
 10167 | D:8      | Reached skill level 9 in Armour
 10167 | D:8      | Reached skill level 2 in Dodging
 10348 | D:8      | Identified the +2 long sword "Peustrep" {flame, rC+ Dex+4}
 10524 | D:8      | Reached XP level 10. HP: 62/77 MP: 8/10
 10718 | D:9      | Reached skill level 3 in Dodging
 11221 | D:9      | You pick up a book of Armaments {forbidden} and begin
                  | reading...
 11221 | D:9      | You add the spells Stone Arrow, Animate Armour and
                  | Lehudib's Crystal Spear to your library.
 11270 | D:9      | Reached skill level 4 in Dodging
 11472 | D:9      | Reached skill level 9 in Evocations
 11918 | D:9      | Reached skill level 5 in Dodging
 11923 | D:9      | HP: 23/115 [yak (11)]
 12955 | D:10     | Entered Level 10 of the Dungeon
 13042 | D:10     | Noticed a two-headed ogre
 13054 | D:10     | Killed a two-headed ogre
 13055 | D:10     | Reached skill level 10 in Armour
 13055 | D:10     | Reached skill level 6 in Dodging
 13191 | D:10     | Found a blossoming altar of Fedhas.
 13207 | D:10     | You pick up a book of the Moon {forbidden} and begin
                  | reading...
 13207 | D:10     | You add the spells Passage of Golubria and Silence to your
                  | library.
 13217 | D:10     | You add the spells Conjure Flame, Ignite Poison and Sticky
                  | Flame to your library.
 13236 | D:10     | Noticed a gargoyle
 13251 | D:10     | Killed a gargoyle
 13252 | D:10     | Reached skill level 7 in Dodging
 13252 | D:10     | Reached skill level 10 in Evocations
 13667 | D:10     | You add the spells Sting, Poisonous Vapours and Olgreb's
                  | Toxic Radiance to your library.
 13677 | D:10     | You pick up a book of Ice {forbidden} and begin reading...
 13677 | D:10     | You add the spells Freezing Cloud, Simulacrum and Polar
                  | Vortex to your library.
 14029 | D:11     | Reached XP level 11. HP: 76/82 MP: 8/11
 14844 | D:11     | Reached skill level 8 in Dodging
 15116 | D:11     | Found a staircase to the Orcish Mines.
 15269 | D:11     | Found Cheibriados's Comfort Zone.
 15272 | D:11     | Found a snail-covered altar of Cheibriados.
 15564 | D:11     | HP: 22/123 [gnoll sergeant/+0 trident (9)]
 15566 | D:11     | HP: 10/123 [vampire mosquito (2)]
 15569 | D:11     | HP: 3/123 [vampire mosquito (5)]
 15587 | D:11     | Reached skill level 9 in Dodging
 16226 | D:11     | Found a shimmering blue altar of Sif Muna.
 16285 | D:11     | Noticed a five-headed hydra
 16295 | D:11     | Killed a five-headed hydra
 16296 | D:11     | Reached skill level 11 in Evocations
 17157 | D:12     | Reached skill level 4 in Fighting
 17343 | D:12     | HP: 20/84 [orc warrior/+0 halberd (4)]
 17654 | D:12     | Reached skill level 10 in Dodging
 18262 | D:12     | Reached skill level 5 in Fighting
 18827 | D:12     | You add the spells Tukima's Dance and Yara's Violent
                  | Unravelling to your library.
 19280 | D:13     | Noticed a centaur warrior
 19293 | D:13     | Killed a centaur warrior
 19517 | D:13     | Noticed a two-headed ogre
 19525 | D:13     | Killed a two-headed ogre
 19526 | D:13     | Reached skill level 11 in Dodging
 19760 | D:13     | Noticed a four-headed hydra
 19771 | D:13     | Killed a four-headed hydra
 19772 | D:13     | Reached XP level 12. HP: 68/95 MP: 5/12
 19775 | D:13     | Reached skill level 6 in Fighting
 19775 | D:13     | Reached skill level 12 in Evocations
 20204 | D:13     | HP: 33/145 [something (7)]
 20207 | D:13     | HP: 12/145 [something (14)]
 20988 | D:13     | Reached skill level 7 in Fighting
 21261 | D:13     | Reached skill level 8 in Fighting
 21574 | D:13     | HP: 25/103 [something (1)]
 21874 | D:13     | Noticed a vault guard
 21881 | D:13     | Reached skill level 9 in Fighting
 21887 | D:13     | Killed a vault guard
 21958 | D:13     | Found a gate to the Vaults.
 22035 | D:13     | Reached skill level 10 in Fighting
 22408 | D:14     | Reached skill level 11 in Armour
 22712 | D:14     | Noticed a centaur warrior
 22718 | D:14     | Noticed a death knight
 22737 | D:14     | HP: 26/106 [something (9)]
 22738 | D:14     | Killed a death knight
 22739 | D:14     | Gained mutation: When low on magic, you restore magic in
                  | place of health. [demonic ancestry]
 22739 | D:14     | Reached XP level 13. HP: 25/113 MP: 4/13
 23145 | D:14     | Found a snail-covered altar of Cheibriados.
 23919 | D:14     | Reached skill level 12 in Armour
 23920 | D:14     | Paralysed by something for 6 turns
 23938 | D:14     | HP: 28/113 [tengu warrior/+0 long sword (4)]
 23948 | D:15     | Entered Level 15 of the Dungeon
 25396 | D:14     | Reached skill level 13 in Armour
 26254 | D:14     | Noticed a fire dragon
 26275 | D:14     | Paralysed by an ogre mage for 2 turns
 26280 | D:14     | Killed a fire dragon
 26775 | D:15     | HP: 23/113 [orc warrior/+0 dire flail[an orc knight] (6)]
 27145 | D:15     | Reached skill level 14 in Armour
 27634 | D:15     | Noticed a red very ugly thing
 28135 | D:15     | Killed a red very ugly thing
 28235 | D:15     | Gained mutation: You have an extremely huge brain. (Int +4)
                  | [demonic ancestry]
 28235 | D:15     | Reached XP level 14. HP: 121/121 MP: 12/14
 28248 | D:15     | Reached skill level 15 in Armour
 28443 | D:15     | Noticed Rupert
 28460 | D:15     | Killed Rupert
 28585 | D:15     | Found a staircase to the Depths.
 28864 | D:15     | HP: 44/181 [brown ugly thing (2)]
 28869 | D:15     | HP: 17/181 [brown ugly thing (7)]
 28869 | D:15     | Slain by a red ugly thing

Vanquished Creatures
  Rupert (D:15)
  A very ugly thing (D:15)
  A fire dragon (D:14)
  A vault guard (D:13)
  5 hydras
  2 boulder beetles
  3 centaur warriors
  2 ogre magi
  A catoblepas (D:14)
  7 two-headed ogres
  A death knight (D:14)
  2 tengu warriors (D:14)
  5 skeletal warriors
  A sea snake (shapeshifter) (D:14)
  A deep troll (D:13)
  A glowing orange brain (D:15)
  2 orc knights (D:15)
  18 ugly things
  4 manticores
  5 cyclopes
  A cyclops (shapeshifter) (D:13)
  4 gargoyles
  2 unseen horrors
  A komodo dragon (D:13)
  2 freezing wraiths
  A tengu conjurer (D:15)
  2 trolls
  7 slime creatures
  A snapping turtle (shapeshifter) (D:14)
  A vampire (D:13)
  4 wraiths
  3 wyverns
  12 yaks
  4 basilisks (D:8)
  8 vampire mosquitoes
  A steam dragon (D:7)
  A redback (shapeshifter) (D:15)
  4 wargs (D:12)
  Edmund (D:6)
  5 water moccasins
  A floating eye (shapeshifter) (D:13)
  8 orc warriors
  2 sky beasts
  A black bear (D:8)
  An ice beast (D:7)
  11 centaurs
  An ogre (D:6)
  2 wolves (D:8)
  3 phantoms
  3 kobold brigands
  A bullfrog (D:7)
  A necrophage (D:7)
  5 gnoll sergeants
  3 scorpions
  12 wights
  11 killer bees
  A troll zombie (D:11)
  An electric eel (D:12)
  4 hounds
  8 orc priests
  A jelly (D:5)
  A gnoll shaman (D:9)
  Crazy Yiuf (D:2)
  4 iguanas
  17 orc wizards
  7 ogre zombies (D:11)
  6 adders
  20 gnolls
  A shadow imp (D:7)
  2 white imps
  A dart slug (D:1)
  45 orcs
  9 endoplasms
  4 giant cockroaches
  13 goblins
  12 hobgoblins
  7 quokkas
  8 ball pythons
  7 bats
  5 frilled lizards
  4 goblin zombies (D:11)
  A hobgoblin skeleton (D:11)
  3 hobgoblin zombies (D:11)
  17 kobolds
  3 orc skeletons (D:11)
  14 orc zombies (D:11)
  7 rats
429 creatures vanquished.

Vanquished Creatures (collateral kills)
  A deep elf pyromancer (D:14)
  2 vampire mosquitoes
  An acid dragon (D:10)
  3 gnolls (D:10)
7 creatures vanquished.

Vanquished Creatures (others)
  An orc wizard (D:9)
  A fungus (D:8)
  10 plants (D:8)
12 creatures vanquished.

Grand Total: 448 creatures vanquished

Table legend:
 A = Non-vault XP
 B = Vault XP
 C = Vault XP percentage of total XP
 D = Non-vault monster count
 E = Vault monster count
 F = Vault count percentage of total count
                 A         B        C        D         E       F
            +---------+---------+-------+---------+---------+-------
      Total |   48153 |   23548 |  32.8 |     334 |     103 |  23.6
            +---------+---------+-------+---------+---------+-------
        D:1 |      52 |       0 |   0.0 |      32 |       0 |   0.0
        D:2 |      45 |      39 |  46.4 |      19 |       1 |   5.0
        D:3 |      37 |       0 |   0.0 |      16 |       0 |   0.0
        D:4 |     381 |       3 |   0.8 |      25 |       2 |   7.4
        D:5 |     657 |       0 |   0.0 |      16 |       0 |   0.0
        D:6 |     578 |     280 |  32.6 |      16 |       3 |  15.8
        D:7 |     793 |     732 |  48.0 |      23 |       8 |  25.8
        D:8 |     366 |    1883 |  83.7 |       4 |      13 |  76.5
        D:9 |    2907 |       0 |   0.0 |      36 |       0 |   0.0
       D:10 |    2099 |       0 |   0.0 |      24 |       0 |   0.0
       D:11 |    3985 |     533 |  11.8 |      27 |      36 |  57.1
       D:12 |    3238 |     898 |  21.7 |      19 |      12 |  38.7
       D:13 |    9915 |    3144 |  24.1 |      20 |       6 |  23.1
       D:14 |   12508 |    9486 |  43.1 |      30 |      12 |  28.6
       D:15 |   10592 |    6550 |  38.2 |      27 |      10 |  27.0
            +---------+---------+-------+---------+---------+-------

Illustrated notes

Table legend:
 A = Kills in this place as a percentage of kills in entire the game.
 B = Kills by you in this place as a percentage of kills by you in the entire game.
 C = Kills by friends in this place as a percentage of kills by friends in the entire game.
 D = Other kills in this place as a percentage of other kills in the entire game.
 E = Experience gained in this place as a percentage of experience gained in the entire game.
 F = Experience gained in this place divided by the number of levels of this place that you have seen.
                   A       B       C       D       E      F
               +-------+-------+-------+-------+-------+----------------------
         Total | 100.0 | 100.0 | 100.0 | 100.0 | 100.0 | 4780.1
       Dungeon | 100.0 | 100.0 | 100.0 | 100.0 | 100.0 | 4780.1
               +-------+-------+-------+-------+-------+----------------------

Table legend: (Time is in decaauts)
 A = Elapsed time spent in this place.
 B = Non-inter-level travel time spent in this place.
 C = Inter-level travel time spent in this place.
 D = Time resting spent in this place.
 E = Time spent auto-exploring this place.
 F = Levels seen in this place.
 G = Mean time per level.
                   A        B        C        D        E       F      G
               +--------+--------+--------+--------+--------+-----+--------+
         Total |  29706 |  29071 |    635 |  11312 |  14036 |  15 | 1980.4 |
       Dungeon |  29706 |  29071 |    635 |  11312 |  14036 |  15 | 1980.4 |
               +--------+--------+--------+--------+--------+-----+--------+

Top non-repeatable levels by time:
    D:14: 4855 daAuts
    D:13: 2946 daAuts
    D:12: 2706 daAuts
    D:11: 2394 daAuts
     D:9: 2349 daAuts
    D:15: 1904 daAuts
     D:7: 1724 daAuts
    D:10: 1649 daAuts
     D:1: 1463 daAuts
     D:8: 1435 daAuts
     D:5: 1401 daAuts
     D:4: 1376 daAuts
     D:2: 1296 daAuts
     D:3: 1181 daAuts
     D:6: 1022 daAuts
